 Dungeon Crawl Stone Soup version 0.24.1 (webtiles) character file.

Game seed: 6179131616127881242, levelgen mode: deterministic

129 1994 the Purveyor of Pain (level 4, -1/33 HPs)
             Began as a Mummy Necromancer on Apr 5, 2020.
             Was an Initiate of Kikubaaqudgha.
             Killed by divine providence
             ... invoked by an orc priest
              (13 damage)
             ... on level 3 of the Dungeon on Apr 6, 2020.
             The game lasted 00:08:34 (3288 turns).

1994 the Purveyor of Pain (Mummy Necromancer)       Turns: 3288, Time: 00:08:34

Health: -1/33      AC:  3    Str: 11    XL:     4   Next: 88%
Magic:  3/9        EV: 12    Int: 15    God:    Kikubaaqudgha [......]
Gold:   119        SH:  0    Dex: 12    Spells: 2/10 levels left

rFire    x . .     SeeInvis .   h - -1 hunting sling (curse)
rCold    + . .     Gourm    .   (no shield)
rNeg     + + +     Faith    .   i - +0 leather armour
rPois    ∞         Spirit   .   (no helmet)
rElec    .         Reflect  .   (no cloak)
rCorr    .         Harm     .   (no gloves)
MR       .....                  (no boots)
Stlth    +.........             (no amulet)
HPRegen  0.11/turn              (no ring)
MPRegen  0.11/turn              (no ring)

@: no status effects
A: no food or potions, fire vulnerability, cold resistance 1, negative energy
resistance 3, torment resistance, unbreathing
a: Renounce Religion


You were on level 3 of the Dungeon.
You worshipped Kikubaaqudgha.
Kikubaaqudgha was noncommittal.
You were not hungry.

You visited 1 branch of the dungeon, and saw 3 of its levels.

You collected 119 gold pieces.

Inventory:

Hand Weapons
 a - a +0 dagger
 b - a +0 long sword
 h - a cursed -1 hunting sling (weapon)
Missiles
 k - 49 stones (quivered)
 l - 16 sling bullets
 o - 4 poisoned darts
Armour
 i - a +0 leather armour (worn)
Jewellery
 d - a cursed ring of magical power {unknown}
 m - an uncursed ring of resist corrosion {unknown}
Scrolls
 c - a scroll of identify {unknown}
 e - 3 scrolls of teleportation {unknown}
 f - 2 scrolls of blinking {unknown}
 g - a scroll of remove curse {unknown}
 j - 2 scrolls of enchant armour {unknown}
 n - a scroll of immolation {unknown}


   Skills:
 + Level 2.0 Fighting
 - Level 1.8 Dodging
 - Level 1.5 Stealth
 + Level 3.8 Spellcasting
 * Level 5.2 Necromancy


You had 2 spell levels left.
You knew the following spells:

 Your Spells              Type           Power        Failure   Level  Hunger
a - Pain                  Necr           ###.         2%          1    N/A
b - Vampiric Draining     Necr           ###.......   9%          3    N/A
c - Animate Dead          Necr           N/A          28%         4    N/A

Your spell library contained the following spells:

 Spells                   Type           Power        Failure   Level  Hunger
 Animate Skeleton         Necr           N/A          2%          1    N/A
 Regeneration             Chrm/Necr      Unusable     N/A         3    N/A

Dungeon Overview and Level Annotations

Branches:
Dungeon (3/15)

Altars:
Kikubaaqudgha
Makhleb

Annotations:
D:3 1 runed translucent door, exclusions: orc and 1 more exclusion


Innate Abilities, Weirdness & Mutations

You do not eat or drink.
Your flesh is vulnerable to fire.
You are immune to poison.
Your flesh is cold resistant. (rC+)
You are immune to negative energy. (rN+++)
You are immune to unholy pain and torment.
You can survive without breathing.


Message History

The orc wizard seems to speed up.
Unknown command.
Unknown command.
Casting: Pain (safe; 3% risk of failure)
Confirm with . or Enter, or press ? or * to list all spells.
Aiming: Pain (safe; 3% risk of failure)
Press: ? - help, Shift-Dir - straight line, f/p - orc wizard
Aim: an orc wizard, wielding a +0 dagger and wearing a +0 robe (severely wounded, fast, chance to defeat MR: 76%)
The orc wizard writhes in agony!
You kill the orc wizard!
Kikubaaqudgha accepts your kill.
Your Fighting skill increases to level 2!
Unknown command.
Unknown command.
The orc priest invokes the aid of Beogh against you.
Beogh smites you!
The orc priest invokes the aid of Beogh against you.
Beogh smites you!
You die...
Kikubaaqudgha rasps: "You have failed me!
Welcome... oblivion!"

.......# #....# .......# #.[..#
.......# #....# ###### .......#
###.### #####..... .......##
#...# #.....###.
........##########...###.######<.
.........................#####...
......#.####.........#####.......
.....##.## #....@..#.##<..)......
.#.......###.......#...)..#......
.........o...o...............#...
...o.o....#..o.........##........
...####.........[..#.#.#..#.##...
.#....†....#...##.........#.##†..
.#............#....#.##..#..##...
.##....>.............# ..#. ##...
.##..........###....## ### #...


You could see an orc priest and 2 orcs.

Vanquished Creatures
  An orc wizard (D:3)
  3 adders (D:2)
  An ooze (D:1)
  3 worms
  3 dart slugs
  2 orcs (D:3)
  A ball python (D:1)
  5 giant cockroaches
  5 goblins
  7 hobgoblins
  9 kobolds
  A quokka (D:2)
  3 bats
  3 frilled lizards
  8 rats
55 creatures vanquished.

Vanquished Creatures (others)
  A human (D:2)
1 creature vanquished.

Grand Total: 56 creatures vanquished

Notes
Turn   | Place    | Note
-------+----------+-------------------------------------------
     0 | D:1      | 1994 the Mummy Necromancer began the quest for the Orb.
     0 | D:1      | Reached XP level 1. HP: 13/13 MP: 4/4
   231 | D:1      | Reached XP level 2. HP: 20/20 MP: 5/5
   589 | D:1      | Reached skill level 1 in Fighting
   921 | D:1      | Reached XP level 3. HP: 26/26 MP: 3/7
  1351 | D:2      | Learned a level 3 spell: Vampiric Draining
  1955 | D:2      | Found an ancient bone altar of Kikubaaqudgha.
  1955 | D:2      | Noticed a human
  1958 | D:2      | Became a worshipper of Kikubaaqudgha
  1958 | D:2      | Killed a human
  2634 | D:3      | Reached XP level 4. HP: 27/32 MP: 6/9
  2685 | D:3      | Learned a level 4 spell: Animate Dead
  2813 | D:3      | Found a runed translucent door.
  2846 | D:3      | Found a burning altar of Makhleb.
  3141 | D:3      | Reached skill level 5 in Necromancy
  3288 | D:3      | Killed from afar by an orc priest

Levels and vault maps discovered:
D:1:      dpeg_arrival_rooms_b, layout_basic, minmay_tripent
D:2:      layout_loops_ring, skrybe_limestone_x, tgw_kikubaaqudgha
D:3:      layout_rooms, first_ration, bloody_makhleb, uniq_ijyb,
          uniq_crazy_yiuf_cottage

Skill      XL: |  1  2  3  4 |
---------------+-------------+-----
Spellcasting   | 3 |  3.8
Fighting       | 1 2 |  2.0
Necromancy     | 5 |  5.2
Dodging        | |  1.8
Stealth        | |  1.5

Action                   |  1- 3 |  4- 6 || total
-------------------------+-------+-------++-------
Melee: Dagger            |     8 |       ||     8
       Long sword        |     3 |       ||     3
 Fire: Hunting sling     |     1 |    19 ||    20
Throw: Stone             |     1 |       ||     1
 Cast: Pain              |    70 |    47 ||   117
 Stab: Sleeping          |     2 |       ||     2
Armor: Robe              |     3 |       ||     3
       Leather armour    |     4 |     2 ||     6
Dodge: Dodged            |    29 |    11 ||    40
